AoeStats
← 沒起房子我日

MegaRandom

509528196Analyzed
4v4 RM · 5d ago on Sep 27, 2026· 18m 26s· 8 players
Game mode
Random Map
Map size
Large (8 player)
Population
200
Speed
Normal
Resources
Standard
Victory
Conquest
Starting age
Dark Age
Ending age
Imperial Age
RankedLock teamsTeams togetherTeam positionsShared explorationLock speedFull tech treeHidden civsTurbo modeCheats
Victory
Defeat
🇧🇴 Hindustanis · Bolivia
1567
+11
🇲🇽 Varangians · Mexico
1525
+13
🇨🇴 Tupi · Colombia
1463
+15
🇲🇽 Portuguese · Mexico
1453
+16
🇹🇼 Varangians · Taiwan
1535
-17
🇺🇸 Khmer · United States
1450
-14
🇨🇳 Ethiopians · China
1414
-12
🇺🇸 Armenians · United States
1403
-12
machpatel
9:33 Loom
12:04 Feudal Age
18:02 Castle Age
meh
7:54 Loom
9:56 Feudal Age
10:21 Man-at-Arms
13:07 Town Watch
12:51 Long Swordsman
13:34 Scale Mail Armor
沒起房子我日
7:47 Loom
10:03 Feudal Age
11:17 Double-Bit Axe
13:58 Fishing Lines
14:39 Horse Collar
Dongbaba
11:37 Feudal Age
12:48 Loom
15:01 Double-Bit Axe
16:25 Fletching
16:35 Padded Archer Armor
17:20 Horse Collar
19:05 Wheelbarrow
AM | DEMONIO_MX
3:35 Loom
9:13 Feudal Age
9:44 Double-Bit Axe
10:00 Horse Collar
AM | Motoboy
6:51 Loom
9:57 Feudal Age
11:02 Double-Bit Axe
13:50 Fletching
15:53 Wheelbarrow
AM | AndresBC
3:20 Loom
9:50 Feudal Age
13:04 Fletching
15:20 Double-Bit Axe
AM | Chuchito
0:38 Loom
9:48 Feudal Age
11:23 Horse Collar
15:08 Forging
16:24 Scale Barding Armor
17:38 Bloodlines
Connection lost

Rejoining the realm…

Still unreachable

The connection could not be restored.

Session expired

The server has moved on; the page needs a fresh start.